 Dungeon Crawl Stone Soup version 0.24.0-37-gcf1ca852f1 (webtiles) character file.

Game seed: 17905399196039658932, levelgen mode: deterministic

7 PentaManta the Sneak (level 1, -1/9 HPs)
             Began as a Spriggan Enchanter on Dec 6, 2019.
             Slain by a goblin
             ... wielding a +0 dagger
              (3 damage)
             ... on level 1 of the Dungeon.
             The game lasted 00:02:38 (1694 turns).

PentaManta the Sneak (Spriggan Enchanter)           Turns: 1694, Time: 00:02:39

Health: -1/9       AC:  2    Str:  4    XL:     1   Next: 91%
Magic:  5/5        EV: 18    Int: 16    God:
Gold:   42         SH:  0    Dex: 16    Spells: 5/6 levels left

rFire    . . .     SeeInvis +   a - +1 dagger
rCold    . . .     Gourm    .   (shield restricted)
rNeg     . . .     Faith    .   b - +0 robe
rPois    .         Spirit   .   (helmet restricted)
rElec    .         Reflect  .   (no cloak)
rCorr    .         Harm     .   (gloves unavailable)
MR       .....                  (boots unavailable)
Stlth    +++.......             (no amulet)
HPRegen  0.03/turn              (no ring)
MPRegen  0.09/turn              (no ring)

@: very quick
A: very small, unfitting armour, see invisible, herbivore, speed 3, slow
metabolism 2
a: no special abilities


You were on level 1 of the Dungeon.
You were not hungry.

You visited 1 branch of the dungeon, and saw 2 of its levels.

You collected 42 gold pieces.

Inventory:

Hand Weapons
 a - a +1 dagger (weapon)
Armour
 b - a +0 robe (worn)
Scrolls
 c - a scroll of fear {unknown}
 g - a scroll of teleportation {unknown}
Potions
 e - 2 potions of curing {unknown}
 f - 2 potions of agility {unknown}
Comestibles
 d - a ration


   Skills:
 - Level 1.1 Short Blades
 + Level 3.1 Dodging
 + Level 4.5 Stealth
 * Level 3.0 Spellcasting
 * Level 3.8 Hexes


You had 5 spell levels left.
You knew the following spells:

 Your Spells              Type           Power        Failure   Level  Hunger
a - Corona                Hex            ##.....      3%          1    #......

Your spell library contained the following spells:

 Spells                   Type           Power        Failure   Level  Hunger
 Confuse                  Hex            ##......     12%         3    ###....
 Tukima's Dance           Hex            ##......     12%         3    ###....
 Ensorcelled Hibernation  Hex/Ice        #.....       13%         2    ##.....
 Dazzling Spray           Conj/Hex       #.....       26%         3    ###....


Dungeon Overview and Level Annotations

Branches:
Dungeon (2/15)

Altars:


Innate Abilities, Weirdness & Mutations

You are very small and have problems with some larger weapons.
You are too small for most types of armour.
You have supernaturally acute eyesight. (SInv)
You are a herbivore.
You cover ground extremely quickly.
You need to consume almost no food.


Message History

The goblin hits you with a +0 dagger.
* * * LOW HITPOINT WARNING * * *
You see here a stone.
The kobold shouts!
There is an open door here.
You close the door.
You start resting.
A goblin opens the door.
It is wielding a +0 dagger.
You close the door.
A goblin opens the door.
You close the door.
A goblin opens the door.
You barely miss the kobold. The kobold misses you.
You hit the kobold.
The kobold is heavily wounded.
The kobold misses you.
You hit the kobold.
You kill the kobold!
You closely miss the goblin.
The goblin is heavily wounded.
The goblin hits you with a +0 dagger.
You die...

#..# #..## #)<.##.# #.#..# #..#
#..## #...##.# #.##.# #..#
#...#..##'##..# . #(##.#
#..####..##.......##.. ##.##.#
#...# #...#########... #...#.#
#..(# ##....#####...(# #...#.#
#...## ##...........# ##......
#....## ###.......## ##...#..#
#.....########@########....#..#
#...[....#####g#####..K........
#....................g.....##.#
#..............................
#############....#.............
#.##.##########.#.#
#.#............>...
#.#..##########...# #####.#..##
#####.(#


You could see a goblin.

Vanquished Creatures
  A goblin (D:1)
  2 hobgoblins (D:1)
  2 kobolds (D:1)
  A bat (D:2)
6 creatures vanquished.

Notes
Turn   | Place    | Note
-------+----------+-------------------------------------------
     0 | D:1      | PentaManta the Spriggan Enchanter began the quest for the
                  | Orb.
     0 | D:1      | Reached XP level 1. HP: 9/9 MP: 5/5
  1694 | D:1      | Slain by a goblin

Levels and vault maps discovered:
D:1:      dpeg_arrival_concentric_ovals, layout_basic
D:2:      layout_rooms, chequers_ecumenical_altar_island, uniq_jessica

Skill      XL: |  1 |
---------------+----+-----
Spellcasting   | 3 |  3.0
Short Blades   | |  1.1
Dodging        | |  3.1
Stealth        | |  4.5
Hexes          | |  3.8

Action                   || total
-------------------------++-------
Melee: Dagger            ||    66
 Cast: Corona            ||     2
Armor: Robe              ||     1
Dodge: Dodged            ||    50
